 Dungeon Sprint DCSS version 0.21.2 (webtiles) character file.

128 Fang the Skirmisher (level 5, -21/57 HPs)
             Began as a Gargoyle Berserker on Oct 24, 2018.
             Was a Priest of Trog.
             Demolished by an ogre
             ... wielding a +0 giant club
              (24 damage)
             ... in the Dungeon (Sprint VII: "The Pits").
             The game lasted 00:00:29 (590 turns).

Fang the Skirmisher (Gargoyle Berserker)             Turns: 590, Time: 00:00:30

Health: -21/57     AC:  6    Str: 27    XL:     5   Next: 12%
Magic:  5/5        EV: 13    Int:  7    God:    Trog [***...]
Gold:   0          SH:  0    Dex:  9    Spells: 4/4 levels left

rFire    . . .     SeeInvis .   j - +2 hand axe
rCold    . . .     Gourm    .   (no shield)
rNeg     + . .     Faith    .   b - +0 animal skin
rPois    ∞         Spirit   .   (no helmet)
rElec    +         Reflect  .   (no cloak)
rCorr    .         Harm     .   (no gloves)
MR       .....     NoTele   +   (no boots)
Stlth    ..........             (no amulet)
HPRegen  0.19/turn              (no ring)
MPRegen  0.09/turn              (no ring)

@: berserking, very quick
A: negative energy resistance 1, electricity resistance, unbreathing,
petrification resistance, rot immunity, AC +4
a: Berserk, Trog's Hand, Burn Spellbooks, Renounce Religion


You were in the Dungeon.
You worshipped Trog.
Trog was most pleased with you.
You were hungry.

You visited 1 branch

Inventory:

Hand Weapons
 j - a +2 hand axe (weapon)
Armour
 b - a +0 animal skin (worn)
Scrolls
 i - a scroll of blinking
 k - 3 scrolls of remove curse
 l - a scroll of summoning
Potions
 a - 2 potions of invisibility
 d - a potion of curing
 e - a potion of heal wounds
 f - a potion of haste
 g - 4 potions of magic
 h - 3 potions of berserk rage
Comestibles
 c - 9 rations


   Skills:
 + Level 7.1 Fighting
 + Level 6.1 Axes
 + Level 3.8 Armour
 + Level 3.1 Dodging
 + Level 2.0 Stealth


You had 4 spell levels left.
You didn't know any spells.

Dungeon Overview and Level Annotations

Branches:
Dungeon (1/1)

Altars:
Cheibriados
Dithmenos
Elyvilon
Fedhas
Gozag
Hepliaklqana
Makhleb
Nemelex Xobeh
Okawaru
Qazlal
Ru
Sif Muna
Trog
Vehumet
Wu Jian
Xom
Yredelemnul
Zin
The Shining One
Beogh
Jiyva
Lugonu


Innate Abilities, Weirdness & Mutations

You are resistant to torment.
Your stone body is resilient. (AC +4)
You are immune to poison.
You resist negative energy. (rN+)
You are resistant to electric shocks. (rElec)
You can survive without breathing.
You are immune to petrification.
You are immune to rotting.


Message History

You hit the ogre.
The ogre is lightly wounded.
You slash the floating eye!
You kill the floating eye!
Trog accepts your kill.
Your Fighting skill gained 2 levels and is now at level 7!
Your Axes skill gained 2 levels and is now at level 6!
Your Dodging skill increases to level 3!
Your Stealth skill gained 2 levels and is now at level 2!
You have reached level 4!
You feel stronger.
You have reached level 5!
The ogre closely misses you.
You barely miss the ogre.
The ogre is lightly wounded.
Unknown command.
You slice the ogre!!
The ogre is almost dead.
The ogre hits you with a giant club!!
You die...

##########'##.........
#.?(.')))'.##......#..
##########.##.........
#...........'.........
#+#####'#####......#..
#..#..†'.##.........
#..#...#.#####'#####
#..#####.##.......#
#..@...#.##.......#
#.†O...†.##.......#
#..########...<...#
#.. #.......# #..
#.......# ###
#.......# #########


You could see an ogre.

Vanquished Creatures
  A floating eye (D)
  2 river rats (D)
  A leopard gecko (D)
  3 jackals (D)
  A quokka (D)
  2 rats (D)
10 creatures vanquished.

Notes
Turn   | Place    | Note
-------+----------+-------------------------------------------
     0 | D        | Fang the Gargoyle Berserker began the quest for the Orb.
     0 | D        | Reached XP level 1. HP: 14/14 MP: 1/1
    17 | D        | HP: 1/21 [river rat (3)]
    19 | D        | Reached skill level 4 in Fighting
    19 | D        | Reached XP level 2. HP: 2/20 MP: 2/2
   301 | D        | Found a bloodstained altar of Trog.
   301 | D        | Found a deep blue altar of Sif Muna.
   301 | D        | Found a viscous altar of Jiyva.
   301 | D        | Found a hazy altar of Hepliaklqana.
   301 | D        | Found an opulent altar of Gozag.
   302 | D        | Found a glowing golden altar of the Shining One.
   302 | D        | Found a glowing silver altar of Zin.
   302 | D        | Found a basalt altar of Yredelemnul.
   302 | D        | Found a shimmering altar of Xom.
   302 | D        | Found an ornate altar of the Wu Jian Council.
   302 | D        | Found a sacrificial altar of Ru.
   302 | D        | Found a stormy altar of Qazlal.
   302 | D        | Found an iron altar of Okawaru.
   302 | D        | Found a sparkling altar of Nemelex Xobeh.
   302 | D        | Found a burning altar of Makhleb.
   302 | D        | Found a blossoming altar of Fedhas.
   302 | D        | Found a white marble altar of Elyvilon.
   302 | D        | Found a shadowy altar of Dithmenos.
   302 | D        | Found a snail-covered altar of Cheibriados.
   304 | D        | Found a radiant altar of Vehumet.
   304 | D        | Found a corrupted altar of Lugonu.
   304 | D        | Found a roughly hewn altar of Beogh.
   345 | D        | Reached ** piety under Trog
   543 | D        | Reached skill level 5 in Fighting
   544 | D        | Reached *** piety under Trog
   544 | D        | Reached XP level 3. HP: 23/26 MP: 3/3
   581 | D        | Noticed a floating eye
   581 | D        | Noticed an ogre
   582 | D        | Paralysed by a floating eye for 4 turns
   586 | D        | HP: 1/39 [ogre/giant club (16)]
   588 | D        | Killed a floating eye
   588 | D        | Reached skill level 7 in Fighting
   588 | D        | Reached XP level 4. HP: 2/34 MP: 4/4
   588 | D        | Reached XP level 5. HP: 2/38 MP: 5/5
   590 | D        | Demolished by an ogre

Skill      XL: |  1  2  3 |
---------------+----------+-----
Fighting       | 4 5 7 |  7.1
Axes           | 3 4 6 |  6.1
Dodging        | 2 3 |  3.1
Armour         | 3 |  3.8
Stealth        | 2 |  2.0

Action                   |  1- 3 |  4- 6 || total
-------------------------+-------+-------++-------
Melee: Hand axe          |    15 |     2 ||    17
Invok: Berserk           |     2 |       ||     2
 Stab: Sleeping          |     1 |       ||     1
Armor: Animal skin       |     1 |       ||     1
Dodge: Dodged            |     9 |     1 ||    10
